 Dungeon Crawl Stone Soup version 0.23.0-38-g208d714 (webtiles) character file.

Game seed: 6706969119962849493

294 Lanoc the Sneak (level 6, -3/36 HPs)
             Began as an Octopode Enchanter on Feb 27, 2019.
             Was a Follower of Uskayaw.
             Slain by a phantom (5 damage)
             ... on level 4 of the Dungeon.
             The game lasted 00:12:00 (3642 turns).

Lanoc the Sneak (Octopode Enchanter)                Turns: 3642, Time: 00:12:01

Health: -3/36      AC:  3    Str:  7    XL:     6   Next: 33%
Magic:  6/10       EV: 14    Int: 20    God:    Uskayaw [*.....]
Gold:   163        SH:  0    Dex: 12    Spells: 4/10 levels left

rFire    . . .     SeeInvis .   a - +1 dagger
rCold    . . .     Gourm    .   (no shield)
rNeg     + . .     Faith    .   (helmet restricted)
rPois    .         Spirit   .   g - amulet of the acrobat
rElec    .         Reflect  .   i - ring of positive energy
rCorr    .         Harm     .   k - +2 ring of protection
MR       +....                  n - ring of protection from magic
Stlth    ++++......             (no ring)
HPRegen  0.12/turn              (no ring)
MPRegen  0.12/turn              (no ring)
                                (no ring)
                                (no ring)

@: lightly drained
A: almost no armour, stealthy swim, amphibious, 8 rings, constrict 8, camouflage
1, gelatinous body 1
a: Stomp, Renounce Religion


You were on level 4 of the Dungeon.
You worshipped Uskayaw.
Uskayaw was noncommittal.
You were not hungry.

You visited 1 branch of the dungeon, and saw 4 of its levels.

You collected 163 gold pieces.

Inventory:

Hand Weapons
 a - a +1 dagger (weapon)
Jewellery
 g - an amulet of the acrobat (around mantle)
 i - a ring of positive energy (left tentacle)
 k - a +2 ring of protection (right tentacle)
 n - a ring of protection from magic (on tentacle)
Scrolls
 b - 3 scrolls of teleportation {unknown}
 d - a scroll of fog {unknown}
 e - a scroll of identify {unknown}
 f - 2 scrolls of remove curse {unknown}
 j - a scroll of enchant armour {unknown}
 l - a scroll of amnesia {unknown}
Potions
 h - 2 potions of flight
 m - a potion of haste {unknown}
Comestibles
 c - 6 rations


   Skills:
 + Level 2.3 Short Blades
 + Level 3.1 Dodging
 * Level 6.1(6.0) Stealth
 + Level 2.8 Spellcasting
 * Level 4.4 Hexes


You had 4 spell levels left.
You knew the following spells:

 Your Spells              Type           Power        Failure   Level  Hunger
a - Corona                Hex            ###....      2%          1    None
b - Ensorcelled Hibernat  Hex/Ice        ##....       9%          2    ##.....
c - Tukima's Dance        Hex            ###.....     7%          3    ###....

Your spell library contained the following spells:

 Spells                   Type           Power        Failure   Level  Hunger
 Confuse                  Hex            ###.....     7%          3    ###....
 Dazzling Spray           Conj/Hex       ##....       19%         3    ###....


Dungeon Overview and Level Annotations

Branches:
Dungeon (4/15)
 Temple: D:4-7

Altars:
Uskayaw
Xom
Zin

Shops:
D:4 *

Annotations:
D:4 Dowan, Duvessa


Innate Abilities, Weirdness & Mutations

You cannot wear most types of armour.
You are very stealthy in the water. (Stealth+)
You are amphibious.
You can wear up to eight rings at the same time.
You can use your tentacles to constrict eight enemies at once.
Your skin changes colour to match your surroundings (Stealth+).
Your rubbery body absorbs attacks. (AC +1, EV +1)


Message History

You closely miss the phantom.
The phantom is heavily damaged.
You can no longer pass through a line of other dancers.
You hit the phantom.
The phantom is heavily damaged.
The phantom closely misses you.
You can now pass through a line of other dancers.
You closely miss the phantom. You squeeze the phantom.
The phantom is severely damaged.
The phantom hits you!
* * * LOW HITPOINT WARNING * * *
You miss the phantom.
The phantom is severely damaged.
The phantom barely misses you.
Aiming: Line Pass
Press: ? - help, Dir - move target cursor, p - phantom The phantom appears confused.
You feel somewhat more hungry.
You can no longer pass through a line of other dancers.
The phantom hits you.
You die...

#### ###.##.#.# ...# #.. ...#.#
.#.### #.# #..#.# .#...####.#
#..#.# ####^.....###....#
.#...####.......## .#.###
####.....# ...#
##†..############ #.##
#...@W.........## ### #.#
#...#########... ..# #.## ##.##
#..# #.# #..# ##'# #..## #.#
##.# ##...## #...###.# #.###
##.....## ##.#..##.# #.#.##
##.......## ##.....##.#
#....####.........####<..##.##.#
#.......'.........'.............


You could see a phantom (confused).

Vanquished Creatures
  3 orc priests
  2 orc wizards
  A worker ant (D:4)
  4 adders
  An ooze (D:2)
  2 worms
  A dart slug (D:1)
  6 leopard geckos
  9 orcs
  4 bats
  3 giant cockroaches
  6 goblins
  8 hobgoblins
  3 jackals (D:1)
  4 ball pythons
  4 frilled lizards
  2 kobolds
  3 rats
66 creatures vanquished.

Notes
Turn   | Place    | Note
-------+----------+-------------------------------------------
     0 | D:1      | Lanoc the Octopode Enchanter began the quest for the Orb.
     0 | D:1      | Reached XP level 1. HP: 11/11 MP: 3/3
   104 | D:1      | Reached XP level 2. HP: 17/17 MP: 5/5
   367 | D:1      | Learned a level 2 spell: Ensorcelled Hibernation
   691 | D:1      | Found a basalt altar of Yredelemnul.
   693 | D:1      | Found a hazy altar of Hepliaklqana.
   693 | D:1      | Found a glowing golden altar of the Shining One.
   695 | D:1      | Found a deep blue altar of Sif Muna.
   695 | D:1      | Found a stormy altar of Qazlal.
   695 | D:1      | Found a shimmering altar of Xom.
   937 | D:2      | Reached XP level 3. HP: 21/21 MP: 6/6
  1519 | D:2      | HP: 1/21 [adder (2)]
  1854 | D:2      | Reached XP level 4. HP: 27/27 MP: 7/7
  1916 | D:2      | Found a faded altar of an unknown god.
  1924 | D:2      | Became a worshipper of Uskayaw the Reveler
  1924 | D:2      | Reached * piety under Uskayaw
  1979 | D:2      | Reached skill level 5 in Stealth
  2081 | D:3      | HP: 1/27 [poisoned by an adder]
  2364 | D:3      | Reached ** piety under Uskayaw
  2376 | D:3      | Learned a level 3 spell: Tukima's Dance
  2433 | D:3      | Reached *** piety under Uskayaw
  2434 | D:3      | Reached XP level 5. HP: 31/31 MP: 8/8
  2434 | D:3      | Reached **** piety under Uskayaw
  3152 | D:4      | Noticed Duvessa
  3152 | D:4      | Noticed Dowan
  3352 | D:4      | Reached XP level 6. HP: 23/36 MP: 3/10
  3353 | D:4      | Reached skill level 6 in Stealth
  3577 | D:4      | Found Zin's Purification Station.
  3577 | D:4      | Found a glowing silver altar of Zin.
  3620 | D:4      | Noticed a phantom
  3642 | D:4      | Slain by a phantom

Skill      XL: |  1  2  3  4  5  6 |
---------------+-------------------+-----
Stealth        | 5 6 |  6.1
Short Blades   | 2 |  2.3
Hexes          | 4 |  4.4
Dodging        | 3 |  3.1
Spellcasting   | |  2.8

Action                   |  1- 3 |  4- 6 || total
-------------------------+-------+-------++-------
Melee: Dagger            |    60 |   121 ||   181
       Constrict         |    15 |    27 ||    42
       Tentacles         |    10 |    10 ||    20
 Cast: Corona            |     1 |     1 ||     2
       Ensorcelled Hiber |    16 |     9 ||    25
Invok: Line Pass         |       |     1 ||     1
  Use: Potion            |     4 |     4 ||     8
 Stab: Sleeping          |    12 |    11 ||    23
       Paralysed         |       |     3 ||     3
  Eat: Chunk             |     4 |     7 ||    11
Armor: Skin              |     5 |     6 ||    11
Dodge: Dodged            |    36 |    59 ||    95
